 Dungeon Crawl Stone Soup version 0.31-a0-700-gf13585253f (webtiles) character file.

Game seed: 8734412495685207969

9749 qw the Skirmisher (level 11, -12/71 HPs)
             Began as a Gargoyle Hunter on Sept 7, 2023.
             Was a High Priest of Okawaru.
             Mangled by a red ugly thing (14 damage)
             ... on level 9 of the Dungeon.
             The game lasted 00:02:57 (6780 turns).

qw the Skirmisher (Gargoyle Hunter)                 Turns: 6780, Time: 00:02:57

Health: -12/71     AC: 19    Str: 15    XL:     11   Next: 51%
Magic:  14/15      EV: 15    Int: 10    God:    Okawaru [*****.]
Gold:   465        SH:  0    Dex: 17    Spells: 10/10 levels left

rFire   . . .        Y - +7 longbow (drain)
rCold   . . .        (shield currently unavailable)
rNeg    + . .        a - +0 ring mail
rPois   inf          j - +0 helmet
rElec   +            (no cloak)
rCorr   .            k - +0 pair of gloves
SInv    .            m - +0 pair of boots
Will    +....        n - amulet of the acrobat
Stlth   +++          (no ring)
HPRegen 0.31/turn    (no ring)
MPRegen 0.14/turn

%: acrobat
@: about to teleport, heroic
A: sickness immunity, AC +8, negative energy resistance 1, electricity
resistance, torment resistance 1, petrification resistance, iridescent scales 1,
deformed body, strong-willed 1
a: Renounce Religion, Heroism, Finesse, Duel


You were on level 9 of the Dungeon.
You worshipped Okawaru.
Okawaru was extremely pleased with you.
You visited 2 branches of the dungeon, and saw 11 of its levels.

You collected 582 gold pieces.
You spent 117 gold pieces at shops.


Innate Abilities, Weirdness & Mutations

You are immune to sickness and miasma.
Your stone body is resilient. (AC +8)
You are immune to poison.
You resist negative energy. (rN+)
You are resistant to electric shocks. (rElec)
You are resistant to unholy torment.
You are immune to petrification.
You are partially covered in iridescent scales. (AC +2)
Armour fits poorly on your strangely shaped body.
You are strong-willed. (Will+)


   Skills:
 - Level 9.1(14.1) Fighting
 + Level 13.8(18.8) Ranged Weapons
 - Level 5.1(10.1) Armour
 - Level 4.0(9.0) Dodging
 - Level 1.1(6.1) Stealth
 + Level 5.7 Invocations


You had 10 spell levels left.
You didn't know any spells.
Your spell library was empty.

Inventory:

Hand Weapons
 Y - a +7 longbow of draining (weapon)
Armour
 a - a +0 ring mail (worn)
 j - a +0 helmet (worn)
 k - a +0 pair of gloves (worn)
 m - a +0 pair of boots (worn)
Jewellery
 n - an amulet of the acrobat (around neck)
Scrolls
 b - a scroll of teleportation
 h - a scroll of identify
Potions
 d - 10 potions of curing
 e - 3 potions of heal wounds
 g - 3 potions of mutation
 i - 3 potions of might
 p - a potion of lignification {unknown}
 q - a potion of degeneration {unknown}

Dungeon Overview and Level Annotations

Branches:
Dungeon (10/15)            Temple (1/1) D:5
   Lair: D:8-11         Orc: D:9-12

Altars:
Ashenzari
Cheibriados
Dithmenos
Elyvilon
Fedhas
Gozag
Hepliaklqana
Kikubaaqudgha
Makhleb
Nemelex Xobeh
Okawaru
Qazlal
Ru
Sif Muna
Trog
Uskayaw
Xom
Yredelemnul
Zin
The Shining One

Shops:
D:3 *


Message History

The cyclops throws a large rock.
The large rock hits you!!
Your Invocations skill increases to level 5!
You shoot an arrow. The arrow hits the cyclops!
You drain the cyclops.
The cyclops is moderately wounded.
The centaur warrior wields a +0 orcbow.
The centaur warrior shoots an arrow.
The arrow closely misses you.
You shoot an arrow. The arrow hits the cyclops!
You drain the cyclops.
The cyclops is severely wounded.
A red ugly thing comes into view.
You shoot an arrow. The arrow hits the cyclops.
You drain the cyclops.
The cyclops is almost dead.
The cyclops hits you.
You shoot an arrow. The arrow hits the cyclops.
You drain the cyclops.
You kill the cyclops!
Okawaru accepts your kill.
The centaur warrior shoots an arrow.
The arrow closely misses you.
You shoot an arrow. The arrow hits the centaur warrior!!
The centaur warrior is heavily wounded.
The centaur warrior shoots an arrow.
The arrow closely misses you.
A slime creature comes into view.
You shoot an arrow. The arrow hits the centaur warrior!!
You drain the centaur warrior.
The centaur warrior is almost dead.
The centaur warrior unwields a +0 orcbow.
The centaur warrior hits you but does no damage.
The centaur warrior kicks you but does no damage.
You shoot an arrow. The arrow hits the centaur warrior!!
You kill the centaur warrior!
Okawaru is honoured by your kill.
You can now enter into single combat with a foe.
Okawaru will now gift you equipment as you gain piety.
You shoot an arrow. The arrow hits the red ugly thing!!
You drain the red ugly thing!
The red ugly thing is heavily wounded.
The red ugly thing bites you.
You are engulfed in flames!
6780 ||| READING 2 scrolls of teleportation.
As you read the scroll of teleportation, it crumbles to dust.
You feel strangely unstable. The red ugly thing bites you.
You are engulfed in flames!
You die...

#.# ####.####
#.###.##.##.#
#..'...)....#
#####.##.##)#
####.####
#...# #
##.####
#.##.##.##.##$
#....@uJ..[...
#?##%##.##.##.
####.####
#(...# ######


You could see a red ugly thing (drained) and a slime creature.

Vanquished Creatures
  A hydra (D:9)
  3 centaur warriors
  A tengu warrior (D:9)
  2 deep elf pyromancers (D:8)
  A cyclops (D:9)
  An ugly thing (D:9)
  Grinder (D:4)
  A hornet (D:8)
  A slime creature (D:8)
  A shadow (D:7)
  2 wraiths (D:9)
  A yak (D:9)
  A vampire mosquito (D:9)
  2 acid dragons
  A water moccasin (D:7)
  4 orc warriors
  4 black bears
  An ice beast (D:6)
  3 sky beasts
  3 ogres
  A centaur (D:6)
  2 phantoms
  A kobold brigand (D:8)
  5 bullfrogs
  A gnoll sergeant (D:8)
  6 scorpions
  4 wights (D:8)
  3 howler monkeys
  2 hounds
  A sleepcap (D:6)
  2 jellies
  5 orc priests
  4 iguanas
  9 orc wizards
  Robin (D:3)
  7 adders
  3 gnolls (D:8)
  A shadow imp (D:6)
  3 white imps
  An ufetubus (D:5)
  A worm (D:2)
  5 dart slugs
  34 orcs
  3 bats
  6 endoplasms
  2 giant cockroaches
  15 goblins
  10 hobgoblins
  12 kobolds
  A quokka (D:2)
  5 ball pythons
  6 frilled lizards
  6 rats
203 creatures vanquished.

Vanquished Creatures (others)
  A quokka (D:5)
1 creature vanquished.

Grand Total: 204 creatures vanquished

Notes
Turn   | Place    | Note
-------+----------+-------------------------------------------
     0 | D:1      | qw the Gargoyle Hunter began the quest for the Orb.
     0 | D:1      | Reached XP level 1. HP: 12/12 MP: 1/1
     0 | D:1      | 0 ||| qw: Version: 0.3-a-76-g4403597
     0 | D:1      | 0 ||| qw: Game counter: 531
     0 | D:1      | 0 ||| qw: Melee chars always use a shield: true
     0 | D:1      | 0 ||| qw: God list: Okawaru
     0 | D:1      | 0 ||| qw: Allow faded altars: false
     0 | D:1      | 0 ||| qw: Do Orc after clearing Dungeon:15 true
     0 | D:1      | 0 ||| qw: Do second Lair branch before Depths: true
     0 | D:1      | 0 ||| qw: Lair rune preference: random
     0 | D:1      | 0 ||| qw: Goals: Normal
     0 | D:1      | 0 ||| PLANNING D:1-11
    81 | D:1      | Reached XP level 2. HP: 17/17 MP: 2/2
   130 | D:1      | HP: 3/17 [frilled lizard (3)]
   135 | D:1      | HP: 3/17 [rat (2)]
   522 | D:1      | Reached XP level 3. HP: 21/21 MP: 3/3
   565 | D:1      | 565 ||| READING 2 scrolls labelled ZURGHIMNAORY.
   566 | D:1      | 566 ||| READING scroll labelled WAABBUX YLEUTH.
   567 | D:1      | 567 ||| READING scroll labelled QENEHESKIA.
   568 | D:1      | 568 ||| DRINKING 2 viscous puce potions.
   569 | D:1      | 569 ||| DROPPING scroll of poison.
   570 | D:1      | 570 ||| DROPPING scroll of butterflies.
   601 | D:2      | 601 ||| RETREATING.
   605 | D:2      | Reached skill level 5 in Ranged Weapons
   916 | D:2      | 916 ||| FLEEEEING.
   917 | D:2      | 917 ||| FLEEEEING.
   918 | D:2      | 918 ||| FLEEEEING.
   919 | D:2      | 919 ||| FLEEEEING.
   920 | D:2      | 920 ||| FLEEEEING.
   921 | D:2      | 921 ||| FLEEEEING.
   922 | D:2      | 922 ||| FLEEEEING.
   923 | D:2      | 923 ||| FLEEEEING.
   924 | D:2      | 924 ||| FLEEEEING.
   926 | D:2      | 926 ||| FLEEEEING.
   927 | D:2      | 927 ||| FLEEEEING.
   928 | D:2      | 928 ||| FLEEEEING.
   929 | D:2      | 929 ||| FLEEEEING.
   930 | D:2      | 930 ||| FLEEEEING.
   931 | D:2      | 931 ||| FLEEEEING.
   932 | D:2      | 932 ||| FLEEEEING.
   933 | D:2      | 933 ||| FLEEEEING.
   934 | D:2      | 934 ||| FLEEEEING.
   935 | D:2      | 935 ||| FLEEEEING.
   936 | D:2      | 936 ||| FLEEEEING.
   937 | D:2      | 937 ||| FLEEEEING.
   938 | D:2      | 938 ||| FLEEEEING.
   939 | D:2      | 939 ||| FLEEEEING.
   942 | D:2      | Reached skill level 3 in Fighting
   973 | D:2      | Found a hazy altar of Hepliaklqana.
   997 | D:2      | Reached XP level 4. HP: 28/28 MP: 4/4
  1245 | D:2      | 1245 ||| UPGRADING to +0 ring mail.
  1255 | D:2      | 1255 ||| DROPPING +0 leather armour.
  1256 | D:2      | 1256 ||| DRINKING 3 metallic silvery potions.
  1486 | D:3      | Reached skill level 1 in Armour
  1605 | D:3      | Found a basalt altar of Yredelemnul.
  1657 | D:3      | Noticed Robin
  1669 | D:3      | Killed Robin
  1687 | D:3      | Reached XP level 5. HP: 11/32 MP: 5/5
  1731 | D:3      | 1731 ||| FLEEEEING.
  1732 | D:3      | 1732 ||| FLEEEEING.
  1733 | D:3      | 1733 ||| FLEEEEING.
  1734 | D:3      | 1734 ||| FLEEEEING.
  1735 | D:3      | 1735 ||| FLEEEEING.
  1736 | D:3      | 1736 ||| FLEEEEING.
  1797 | D:3      | Found Vyisch's Assorted Antiques.
  1803 | D:3      | 1803 ||| BUYING pair of gloves (81 gold).
  1803 | D:3      | Bought a pair of gloves for 81 gold pieces
  1803 | D:3      | 1803 ||| BUYING scroll labelled QUSUDO ISTREHOO (18 gold).
  1803 | D:3      | Bought a scroll labelled QUSUDO ISTREHOO for 18 gold pieces
  1803 | D:3      | 1803 ||| BUYING scroll labelled RUXTANWOICI (18 gold).
  1803 | D:3      | Bought a scroll labelled RUXTANWOICI for 18 gold pieces
  2020 | D:3      | 2020 ||| UPGRADING to +0 helmet.
  2025 | D:3      | 2025 ||| UPGRADING to +0 pair of gloves.
  2030 | D:3      | 2030 ||| READING 2 scrolls labelled RUXTANWOICI.
  2034 | D:3      | 2034 ||| READING scroll labelled CIFARO WEMOOWN.
  2035 | D:3      | 2035 ||| READING scroll labelled QUSUDO ISTREHOO.
  2036 | D:3      | 2036 ||| READING scroll labelled ETEG QEDDO.
  2037 | D:3      | 2037 ||| READING scroll labelled MAKKEA WORAK.
  2038 | D:3      | 2038 ||| DRINKING 2 sapphire potions.
  2106 | D:4      | Found an ancient bone altar of Kikubaaqudgha.
  2109 | D:4      | Noticed a black bear
  2115 | D:4      | Noticed a phantom
  2116 | D:4      | 2116 ||| RETREATING.
  2123 | D:4      | HP: 5/32 [iguana (6)]
  2124 | D:4      | 2124 ||| READING scroll of teleportation.
  2125 | D:4      | 2125 ||| DRINKING 4 potions of heal wounds.
  2129 | D:4      | Reached skill level 6 in Ranged Weapons
  2131 | D:4      | Found a shimmering altar of Xom.
  2133 | D:4      | HP: 7/32 [phantom (6)]
  2134 | D:4      | 2134 ||| DRINKING 3 potions of heal wounds.
  2136 | D:4      | Killed a phantom
  2137 | D:4      | Reached XP level 6. HP: 37/38 MP: 6/6
  2148 | D:4      | Killed a black bear
  2209 | D:4      | 2209 ||| FLEEEEING.
  2211 | D:4      | 2211 ||| FLEEEEING.
  2346 | D:4      | Noticed Grinder
  2347 | D:4      | 2347 ||| RETREATING.
  2361 | D:4      | Killed Grinder
  2362 | D:4      | Reached skill level 7 in Ranged Weapons
  2362 | D:4      | Reached XP level 7. HP: 28/43 MP: 7/7
  2541 | D:4      | Reached skill level 8 in Ranged Weapons
  3089 | D:4      | 3089 ||| UPGRADING to +0 pair of boots.
  3094 | D:4      | 3094 ||| READING scroll labelled CURUQY TOSUSTRAING.
  3095 | D:4      | 3095 ||| READING scroll labelled XUNIFF ACLAUN.
  3095 | D:4      | Identified a scroll of acquirement
  3095 | D:4      | 3095 ||| ACQUIRING +6 longbow of draining
  3095 | D:4      | Acquired a +6 longbow of draining
  3097 | D:4      | 3097 ||| SWAPPING to +6 longbow of draining.
  3098 | D:4      | 3098 ||| DROPPING +0 shortbow.
  3099 | D:4      | 3099 ||| READING scroll labelled OGUBUI FINA.
  3100 | D:4      | 3100 ||| DRINKING 2 dark potions.
  3101 | D:4      | 3101 ||| DROPPING potion of magic.
  3106 | D:5      | Entered Level 5 of the Dungeon
  3110 | D:5      | Reached XP level 8. HP: 49/49 MP: 8/8
  3227 | D:5      | 3227 ||| Stepping ~*~*~tactically~*~*~ (outnumbered).
  3229 | D:5      | 3229 ||| Stepping ~*~*~tactically~*~*~ (outnumbered).
  3379 | D:5      | Reached skill level 9 in Ranged Weapons
  3386 | D:5      | Reached skill level 3 in Armour
  3443 | D:5      | Reached skill level 6 in Fighting
  3501 | D:5      | Found a staircase to the Ecumenical Temple.
  3502 | D:5      | 3502 ||| PLANNING TEMPLE
  3502 | D:5      | 3502 ||| READING scroll labelled EGIYLOUNOIH.
  3503 | D:5      | 3503 ||| DRINKING 2 fuming golden potions.
  3503 | D:5      | Gained mutation: Armour fits poorly on your strangely
                  | shaped body. [potion of mutation]
  3503 | D:5      | Gained mutation: You are strong-willed. (Will+) [potion of
                  | mutation]
  3503 | D:5      | Gained mutation: You are partially covered in iridescent
                  | scales. (AC +2) [potion of mutation]
  3510 | Temple   | Entered the Ecumenical Temple
  3511 | Temple   | 3511 ||| PLANNING OKAWARU WORSHIP
  3519 | Temple   | Became a worshipper of Warmaster Okawaru
  3520 | Temple   | 3520 ||| PLANNING D:1-11
  3757 | D:5      | Found a white marble altar of Elyvilon.
  3912 | D:5      | 3912 ||| FLEEEEING.
  4031 | D:6      | Found a shadowy altar of Dithmenos.
  4050 | D:6      | Identified the +3 scale mail of Enoqetaedo {Int+3}
  4199 | D:6      | Reached skill level 10 in Ranged Weapons
  4199 | D:6      | Reached XP level 9. HP: 52/55 MP: 9/9
  4341 | D:6      | Reached * piety under Okawaru
  4477 | D:6      | Reached skill level 1 in Invocations
  4559 | D:6      | 4559 ||| INVOKING Heroism.
  4781 | D:6      | 4781 ||| UPGRADING to amulet of the acrobat.
  4786 | D:6      | 4786 ||| DROPPING ring of wizardry.
  4787 | D:6      | 4787 ||| DROPPING +6 ring of intelligence.
  4788 | D:6      | 4788 ||| READING scroll labelled TIMAEL GOUVUIR.
  4789 | D:6      | 4789 ||| READING scroll labelled ASICHI LEUFIL.
  4876 | D:7      | Found a blossoming altar of Fedhas.
  4921 | D:7      | 4921 ||| INVOKING Heroism.
  4926 | D:7      | Reached skill level 3 in Invocations
  5016 | D:7      | Found a snail-covered altar of Cheibriados.
  5081 | D:7      | Reached skill level 11 in Ranged Weapons
  5149 | D:7      | 5149 ||| FLEEEEING.
  5150 | D:7      | 5150 ||| FLEEEEING.
  5151 | D:7      | 5151 ||| FLEEEEING.
  5162 | D:7      | Reached skill level 3 in Dodging
  5176 | D:7      | 5176 ||| INVOKING Heroism.
  5354 | D:7      | Reached ** piety under Okawaru
  5681 | D:8      | Reached XP level 10. HP: 63/63 MP: 13/13
  5690 | D:8      | 5690 ||| INVOKING Heroism.
  5909 | D:8      | Noticed a centaur warrior
  5910 | D:8      | 5910 ||| INVOKING Heroism.
  5915 | D:8      | Killed a centaur warrior
  6064 | D:8      | 6064 ||| Stepping ~*~*~tactically~*~*~ (retreating).
  6076 | D:8      | Reached skill level 12 in Ranged Weapons
  6098 | D:8      | 6098 ||| INVOKING Heroism.
  6099 | D:8      | Noticed a deep elf pyromancer
  6101 | D:8      | 6101 ||| Stepping ~*~*~tactically~*~*~ (retreating).
  6102 | D:8      | 6102 ||| Stepping ~*~*~tactically~*~*~ (retreating).
  6104 | D:8      | Noticed a centaur warrior
  6108 | D:8      | Noticed a deep elf pyromancer
  6109 | D:8      | 6109 ||| Stepping ~*~*~tactically~*~*~ (retreating).
  6110 | D:8      | 6110 ||| Stepping ~*~*~tactically~*~*~ (retreating).
  6115 | D:8      | Killed a centaur warrior
  6115 | D:8      | Reached *** piety under Okawaru
  6122 | D:8      | Killed a deep elf pyromancer
  6123 | D:8      | Reached skill level 13 in Ranged Weapons
  6128 | D:8      | 6128 ||| INVOKING Heroism.
  6129 | D:8      | Killed a deep elf pyromancer
  6129 | D:8      | Received a gift from Okawaru
  6129 | D:8      | HP: 10/64 [burnt (7)]
  6130 | D:8      | HP: 3/65 [burnt (8)]
  6337 | D:8      | 6337 ||| Stepping ~*~*~tactically~*~*~ (outnumbered).
  6340 | D:8      | 6340 ||| Stepping ~*~*~tactically~*~*~ (outnumbered).
  6342 | D:8      | 6342 ||| Stepping ~*~*~tactically~*~*~ (outnumbered).
  6378 | D:8      | You fall into a shaft and drop 2 floors!
  6378 | D:10     | Entered Level 10 of the Dungeon
  6418 | D:10     | Found a stormy altar of Qazlal.
  6492 | D:10     | Reached skill level 9 in Fighting
  6606 | D:10     | 6606 ||| DRINKING 2 orange potions.
  6607 | D:10     | 6607 ||| READING 4 scrolls of identify.
  6607 | D:10     | 6607 ||| IDENTIFYING brown potion
  6608 | D:10     | 6608 ||| READING 3 scrolls of identify.
  6608 | D:10     | 6608 ||| IDENTIFYING clear potion
  6609 | D:10     | 6609 ||| READING 2 scrolls of identify.
  6609 | D:10     | 6609 ||| IDENTIFYING grey potion
  6610 | D:10     | 6610 ||| DROPPING potion of ambrosia.
  6611 | D:10     | 6611 ||| DROPPING potion of brilliance.
  6612 | D:10     | 6612 ||| DROPPING potion of attraction.
  6613 | D:10     | 6613 ||| DROPPING potion of invisibility.
  6648 | D:9      | 6648 ||| INVOKING Heroism.
  6651 | D:9      | Reached XP level 11. HP: 71/71 MP: 11/14
  6654 | D:9      | 6654 ||| RETREATING.
  6755 | D:9      | Noticed a four-headed hydra
  6756 | D:9      | 6756 ||| RETREATING.
  6757 | D:9      | 6757 ||| INVOKING Heroism.
  6757 | D:9      | Noticed a tengu warrior
  6760 | D:9      | Noticed a cyclops
  6763 | D:9      | Killed a tengu warrior
  6763 | D:9      | Reached **** piety under Okawaru
  6764 | D:9      | Noticed a purple ugly thing
  6767 | D:9      | Killed a four-headed hydra
  6769 | D:9      | Noticed a centaur warrior
  6771 | D:9      | Killed a purple ugly thing
  6773 | D:9      | Noticed a red ugly thing
  6775 | D:9      | Killed a cyclops
  6778 | D:9      | Killed a centaur warrior
  6778 | D:9      | Reached ***** piety under Okawaru
  6779 | D:9      | HP: 6/71 [red ugly thing (15)]
  6780 | D:9      | 6780 ||| READING 2 scrolls of teleportation.
  6780 | D:9      | HP: 2/71 [red ugly thing (4)]
  6780 | D:9      | Mangled by a red ugly thing

Levels and vault maps discovered:
D:1:      psy_arrival_whirlpool, layout_rooms, minmay_misc_feat_roman,
          minmay_misc_feat_tower
D:2:      layout_basic, basic_altar
D:3:      layout_basic, yredelemnul_altar_generic, serial_shops, shop,
          uniq_robin
D:4:      black_bear_nest_1, layout_basic, mainiacjoe_overflow_large_starburst,
          minmay_diced_spiral, uniq_grinder
D:5:      layout_gridville, elyvilon_altar_4,
          minmay_temple_entry_enclosed_plants,
          nicolae_concentric_dashed_squares_mild
D:6:      layout_basic, mainiacjoe_overflow_six_doors_small
D:7:      layout_loops_ring, mainiacjoe_overflow_alcove_1, marbit_many_paths,
          kennysheep_generic_room_16
D:8:      minmay_the_grid_plus_closed [minmay_the_grid_expand,
          minmay_the_grid_tiny_cups, minmay_the_grid_eight,
          minmay_the_grid_tri_star, minmay_the_grid_prize_shrinking_boxes],
          layout_loops_cross
D:9:      hangedman_cross_veins, layout_cave_pools, kennysheep_little_box
D:10:     layout_irregular_city, old_standard_altar,
          mainiacjoe_overflow_24_doors, minmay_lair_entry_grove,
          chequers_hall_statues_corner_a
Temple:   hellmonk_temple_two_chambers

Skill      XL: |  1  2  3  4  5  6  7  8  9 10 11 |
---------------+----------------------------------+-----
Ranged Weapons | 5 6 7 8 10 11 13 | 13.8
Fighting       | 3 4 5 6 7 9 |  9.1
Armour         | 1 2 3 4 5 |  5.1
Dodging        | 2 3 4 |  4.0
Invocations    | 4 5 |  5.7
Stealth        | |  1.1

Action                     |  1- 3 |  4- 6 |  7- 9 | 10-12 || total
---------------------------+-------+-------+-------+-------++-------
   Fire: Shortbow          |   118 |   171 |    77 |       ||   366
         Longbow           |       |       |   170 |   130 ||   300
 Invoke: Heroism           |       |       |     3 |     6 ||     9
    Use: Scroll            |     3 |     6 |     6 |     4 ||    19
         Potion            |     1 |     4 |     2 |     1 ||     8
 Armour: Leather armour    |    41 |     1 |       |       ||    42
         Ring mail         |       |   100 |    96 |    46 ||   242
  Dodge: Dodged            |    47 |    64 |    73 |    50 ||   234

Table legend:
 A = Non-vault XP
 B = Vault XP
 C = Vault XP percentage of total XP
 D = Non-vault monster count
 E = Vault monster count
 F = Vault count percentage of total count
                 A         B        C        D         E       F
            +---------+---------+-------+---------+---------+-------
      Total |    4557 |    9371 |  67.3 |     157 |      46 |  22.7
            +---------+---------+-------+---------+---------+-------
        D:1 |      34 |       0 |   0.0 |      19 |       0 |   0.0
        D:2 |      56 |       0 |   0.0 |      24 |       0 |   0.0
        D:3 |      55 |      34 |  38.2 |      22 |      11 |  33.3
        D:4 |     476 |     540 |  53.1 |      17 |       6 |  26.1
        D:5 |    1002 |       0 |   0.0 |      27 |       0 |   0.0
        D:6 |    1036 |       0 |   0.0 |      15 |       0 |   0.0
        D:7 |     973 |     394 |  28.8 |      17 |       5 |  22.7
        D:8 |     772 |    3651 |  82.5 |      15 |      12 |  44.4
        D:9 |       0 |    4752 | 100.0 |       0 |      12 | 100.0
       D:10 |     153 |       0 |   0.0 |       1 |       0 |   0.0
            +---------+---------+-------+---------+---------+-------
